 Dungeon Crawl Stone Soup version 0.18-a0-1572-g0a86841 (webtiles) character file.

31749 angel3174 the Fighter (level 13, -20/85 HPs)
             Began as a Gargoyle Berserker on Mar 15, 2016.
             Was a High Priest of Trog.
             Killed from afar by Frances (29 damage)
             ... with an iron shot
             ... on level 12 of the Dungeon.
             The game lasted 02:04:08 (17065 turns).

angel3174 the Fighter (Gargoyle Berserker)         Turns: 17065, Time: 02:04:08

Health: -20/85     AC: 10    Str: 29    XL:     13   Next: 60%
Magic:  18/18      EV: 23    Int: 10    God:    Trog [*****.]
Gold:   814        SH:  0    Dex: 14    Spells: 0 memorised, 12 levels left

rFire  + . .     SeeInvis .     R - +0 mace (venom)
rCold  . . .     Gourm    .     V - +3 scale mail {rF+}
rNeg   + . .     Faith    +     (no shield)
rPois  ∞         Spirit   .     C - +2 helmet
rElec  +         Dismiss  .     y - +1 cloak {rPois}
rCorr  .         Reflect  .     d - +2 pair of gloves
SustAt .         Harm     .     T - +1 pair of boots
MR     .....                    b - amulet of faith
Stlth  +.........               B - +5 ring of strength
                                n - +2 ring of evasion

@: agile, corroded equipment, not resistant to hostile enchantments, very
unstealthy
A: negative energy resistance 1, shaggy fur 1, electricity resistance,
unbreathing, petrification resistance, rot immunity, AC +9
a: Berserk, Trog's Hand, Brothers in Arms, Burn Spellbooks, Renounce Religion


You were on level 12 of the Dungeon.
You worshipped Trog.
Trog was extremely pleased with you.
You were not hungry.

You visited 2 branches of the dungeon, and saw 16 of its levels.
You also visited: Labyrinth, Ossuary and Bailey.

You collected 1030 gold pieces.
You spent 216 gold pieces at shops.

Inventory:

Hand Weapons
 k - a cursed +1 mace of freezing
 G - a +2 flail of holy wrath
 R - a +0 mace of venom (weapon)
 Y - a +3 longbow of flaming
Missiles
 i - 22 poisoned arrows
 M - 6 tomahawks
 Q - 74 arrows
 W - 3 javelins of penetration
 X - 6 javelins (quivered)
Armour
 d - a +2 pair of gloves (worn)
 y - a +1 cloak of poison resistance (worn)
 C - a +2 helmet (worn)
 P - a +2 chain mail of cold resistance
 T - a +1 pair of boots (worn)
 V - a +3 scale mail of fire resistance (worn)
Jewellery
 b - an amulet of faith (around neck)
 h - an uncursed ring of positive energy
 n - a +2 ring of evasion (left hand)
 B - a +5 ring of strength (right hand)
 F - an uncursed ring of protection from cold
Wands
 c - a wand of random effects (10/48)
 e - a wand of digging (17/24)
 f - a wand of slowing (18/48)
 v - a wand of flame (41/48)
 D - a wand of polymorph (6/24)
 Z - a wand of lightning (10/15)
Scrolls
 j - a scroll of remove curse
 t - a scroll of silence
 w - a scroll of fog
 A - 4 scrolls of teleportation
Potions
 l - 3 potions of resistance
 m - 8 potions of curing
 o - 2 potions of magic
 u - 2 potions of brilliance
 E - a potion of lignification
 N - 2 potions of ambrosia
 S - a potion of haste
 U - 2 potions of might
Books
 p - a book of Cantrips

   Spells                             Type                      Level
   a - Corona                         Hexes                        1
   b - Animate Skeleton               Necromancy                   1
   c - Summon Small Mammal            Summoning                    1
   d - Apportation                    Translocation                1
   Trog disapproves of the use of such an item.
 s - a book of Clouds

   Spells                             Type                      Level
   a - Mephitic Cloud                 Conjuration/Poison/Air       3
   b - Conjure Flame                  Conjuration/Fire             3
   c - Poisonous Cloud                Conjuration/Poison/Air       6
   d - Freezing Cloud                 Conjuration/Ice/Air          6
   e - Ring of Flames                 Charms/Fire                  7
   Trog disapproves of the use of such an item.
Miscellaneous
 O - a plain deck of summoning {drawn: 8}
Comestibles
 a - a bread ration
 q - 6 beef jerkies
 L - 10 meat rations


   Skills:
 * Level 11.6 Fighting
 * Level 11.0 Maces & Flails
   Level 0.6(7.0) Staves
 + Level 2.8 Bows
 + Level 3.1 Throwing
 * Level 11.5 Armour
 * Level 9.6 Dodging
 * Level 6.7 Evocations


You had 12 spell levels left.
You didn't know any spells.

Dungeon Overview and Level Annotations

Branches:
Dungeon (12/15)            Temple (0/1) D:7            Lair (4/8) D:9
  Swamp: Lair:3-6    Shoals: Lair:3-6     Snake: Lair:3-6    Spider: Lair:3-6
    Orc: D:9-12

Altars:
Ashenzari
Dithmenos
Elyvilon
Kikubaaqudgha
Makhleb
Sif Muna
Trog
Yredelemnul

Shops:
D:7 %

Annotations:
D:12 Frances


Innate Abilities, Weirdness & Mutations

You are resistant to torment.
Your stone body is resilient (AC +9).
You are immune to poison.
You resist negative energy.
You are resistant to electric shocks.
You can survive without breathing.
You are immune to petrification.
You are immune to rotting.
You are covered in fur (AC +1).


Message History

Your centaur dies!
Your centaur's corpse disappears in a puff of smoke!
Your skin stops crawling.
You feel less resistant to hostile enchantments.
Your red ugly thing headbutts the neqoxec!
The neqoxec is engulfed in flames!!
The neqoxec gestures at your red ugly thing.
Your red ugly thing basks in the mutagenic energy and changes!
The crimson imp grinds its teeth.
Something barely misses your purple ugly thing.
Frances appears from thin air!
Reactivating autopickup.
Frances hits you with a dire flail!!
* * * LOW HITPOINT WARNING * * *
Okay, then.
As you read the scroll of fog, it crumbles to dust.
The scroll dissolves into smoke.
Frances misses you.
Frances whispers indecipherable words.
The iron shot hits you!
You die...

.. ... ###'# #...
####.#### #.......#
########5......#####
#§§@§@554......##.)<
#§######4.u.....))##
#.......####
#..4..3.# #.......#
#.......# ######.##
..# ###


You could see Frances.

Vanquished Creatures
  A minotaur (Lab)
  Harold (D:11)
  Erica (D:8)
  4 hydras
  Urug (Lair:3)
  Nergalle (Lair:4)
  3 orc knights (Bailey)
  A hill giant (D:9)
  Pikel (D:8)
  A manticore (D:11)
  Joseph (D:8)
  3 black mambas
  A gargoyle (D:12)
  5 spiny frogs
  A komodo dragon (Lair:2)
  10 blink frogs (Lair:2)
  A minotaur skeleton (Lab)
  A wyvern (D:10)
  23 yaks
  A hog (D:11)
  4 fire bats (Lair:3)
  5 hippogriffs
  Grum (D:8)
  2 hungry ghosts
  2 wargs (D:9)
  6 water moccasins
  3 black bears
  4 porcupines
  12 orc warriors
  A sky beast (D:7)
  An ice beast (D:10)
  A wasp (D:10)
  4 ogres
  5 wolves
  9 centaurs
  6 crocodiles
  4 big kobolds
  12 giant frogs
  4 scorpions
  10 killer bees (D:9)
  An electric eel (Lair:3)
  20 wights
  8 howler monkeys
  A centaur zombie (D:8)
  3 crimson imps
  4 jellies
  2 quasits
  A giant frog zombie (D:5)
  2 hounds
  10 orc priests
  Crazy Yiuf (D:3)
  2 centaur skeletons
  2 giant frog skeletons (D:5)
  14 orc wizards
  6 iguanas
  10 worker ants
  A hell rat (D:11)
  17 sheep
  3 hound skeletons
  13 mummies (Ossuary)
  A worker ant zombie (D:7)
  Robin (D:3)
  8 gnolls
  24 river rats
  13 adders
  A shadow imp (D:6)
  An ooze (D:2)
  An adder skeleton (D:4)
  2 worms
  3 dart slugs
  3 giant geckos
  49 orcs
  3 giant cockroaches
  24 goblins
  8 hobgoblins
  3 quokkas
  3 ball pythons
  4 bats
  A giant gecko skeleton (D:6)
  2 giant newts
  3 gnoll skeletons (Ossuary)
  A goblin skeleton (Ossuary)
  A jackal zombie (D:8)
  3 kobolds (D:11)
  4 kobold skeletons (Ossuary)
  2 quokka skeletons
  6 rats
  11 rat skeletons (Ossuary)
  A rat zombie (D:5)
  A plant (Lair:2)
467 creatures vanquished.

Vanquished Creatures (collateral kills)
  Rupert (D:12)
  A hydra (Lair:1)
  An orc knight (D:12)
  A komodo dragon (Lair:1)
  2 yaks (Lair:1)
  2 porcupines (Lair:1)
  An orc warrior (D:12)
  A giant frog (Lair:1)
10 creatures vanquished.

Vanquished Creatures (others)
  A wizard (D:4)
  6 fungi
  15 plants
22 creatures vanquished.

Grand Total: 499 creatures vanquished

Notes
Turn   | Place    | Note
--------------------------------------------------------------
     0 | D:1      | angel3174 the Gargoyle Berserker began the quest for the Orb.
     0 | D:1      | Reached XP level 1. HP: 14/14 MP: 1/1
    91 | D:1      | Reached XP level 2. HP: 12/19 MP: 2/2
   803 | D:2      | Reached XP level 3. HP: 10/23 MP: 3/3
  1090 | D:2      | Reached ** piety under Trog
  1160 | D:2      | Reached XP level 4. HP: 24/29 MP: 4/4
  1435 | D:2      | You fall through a shaft for 2 floors!
  1647 | D:3      | Found a burning altar of Makhleb.
  1694 | D:3      | Noticed Crazy Yiuf
  1703 | D:3      | Killed Crazy Yiuf
  1703 | D:3      | Reached XP level 5. HP: 33/33 MP: 5/5
  1727 | D:3      | Found a faded altar to an unknown god.
  1780 | D:3      | Noticed Robin
  1795 | D:3      | Killed Robin
  2179 | D:4      | Reached XP level 6. HP: 34/38 MP: 6/6
  2400 | D:4      | Found a bloodstained altar of Trog.
  2401 | D:4      | Noticed a wizard
  2407 | D:4      | Killed a wizard
  2473 | D:4      | Reached *** piety under Trog
  2618 | D:4      | Found a shadowy altar of Dithmenos.
  2656 | D:4      | Reached XP level 7. HP: 44/44 MP: 7/7
  2879 | D:5      | Entered Level 5 of the Dungeon
  2936 | D:5      | Reached skill level 5 in Maces & Flails
  3073 | D:5      | Found a sand-covered staircase.
  3079 | Ossuary  | Entered an ossuary
  3248 | Ossuary  | Reached skill level 5 in Fighting
  3959 | D:5      | Reached XP level 8. HP: 50/50 MP: 8/8
  4176 | D:5      | Reached skill level 1 in Evocations
  4255 | D:5      | Found an ancient bone altar of Kikubaaqudgha.
  4376 | D:5      | Found a basalt altar of Yredelemnul.
  4588 | D:6      | You fall through a shaft!
  4663 | D:7      | Found Cihum's Food Shop.
  4707 | D:7      | Bought a meat ration for 60 gold pieces
  4707 | D:7      | Bought a meat ration for 60 gold pieces
  4707 | D:7      | Bought a meat ration for 60 gold pieces
  4707 | D:7      | Bought a beef jerky for 18 gold pieces
  4707 | D:7      | Bought a beef jerky for 18 gold pieces
  4911 | D:6      | Reached skill level 5 in Armour
  5322 | D:6      | Reached skill level 5 in Dodging
  5671 | D:6      | Found a white marble altar of Elyvilon.
  5725 | D:6      | Reached XP level 9. HP: 52/56 MP: 10/10
  6046 | D:7      | Found a deep blue altar of Sif Muna.
  6047 | D:7      | Found a shattered altar of Ashenzari.
  6105 | D:7      | Reached **** piety under Trog
  6209 | D:7      | Found a staircase to the Ecumenical Temple.
  6841 | D:8      | Noticed Joseph
  6854 | D:8      | Noticed Grum
  6931 | D:8      | Killed Joseph
  6938 | D:8      | Killed Grum
  6952 | D:8      | Reached XP level 10. HP: 39/64 MP: 12/12
  7327 | D:8      | Noticed Erica
  7328 | D:8      | Noticed a three-headed hydra
  7385 | D:8      | Killed Erica
  7385 | D:8      | Reached skill level 1 in Throwing
  7435 | D:8      | Killed a three-headed hydra
  7674 | D:8      | Noticed Pikel
  7683 | D:8      | Killed Pikel
  7924 | D:9      | Noticed a hill giant
  7949 | D:9      | Killed a hill giant
  7949 | D:9      | Reached XP level 11. HP: 69/69 MP: 14/14
  8009 | D:9      | Found a flagged portal.
  8031 | Bailey   | Entered a bailey
  8035 | Bailey   | Noticed an orc knight
  8035 | Bailey   | Noticed an orc knight
  8059 | Bailey   | Killed an orc knight
  8062 | Bailey   | Reached skill level 1 in Bows
  8418 | Bailey   | Killed an orc knight
  8565 | Bailey   | Gained mutation: You are covered in fur (AC +1). [potion of beneficial mutation]
  8587 | Bailey   | Noticed an orc knight
  8618 | Bailey   | Killed an orc knight
  8631 | Bailey   | Received a gift from Trog
  8932 | D:9      | Reached ***** piety under Trog
  9781 | D:9      | Found a staircase to the Lair.
 10080 | Lair:1   | Entered Level 1 of the Lair of Beasts
 10145 | Lair:1   | Received a gift from Trog
 10163 | Lair:1   | Reached skill level 5 in Evocations
 10192 | Lair:1   | Noticed a six-headed hydra
 10245 | Lair:1   | Killed a six-headed hydra
 10550 | Lair:1   | Noticed a four-headed hydra
 10564 | Lair:1   | Killed a four-headed hydra
 10564 | Lair:1   | Reached skill level 10 in Fighting
 10564 | Lair:1   | Reached XP level 12. HP: 41/77 MP: 15/15
 11511 | Lair:2   | Received a gift from Trog
 11824 | Lair:2   | Reached skill level 10 in Armour
 11851 | Lair:2   | Noticed an eight-headed hydra
 11865 | Lair:2   | Killed an eight-headed hydra
 12576 | Lair:3   | Found a labyrinth entrance.
 12585 | Lab      | Entered a labyrinth
 12978 | Lab      | Noticed a minotaur
 12992 | Lab      | Killed a minotaur
 12997 | Lab      | Identified the Catalogue of the Snowflakes
 13055 | Lair:3   | Reached skill level 10 in Maces & Flails
 13164 | Lair:3   | Found a shattered altar of Ashenzari.
 13480 | Lair:3   | Received a gift from Trog
 13538 | Lair:3   | Noticed Urug
 13581 | Lair:3   | Killed Urug
 13787 | Lair:3   | Reached XP level 13. HP: 83/83 MP: 5/17
 13985 | Lair:3   | Received a gift from Trog
 14328 | Lair:4   | Noticed Nergalle
 14370 | Lair:4   | Killed Nergalle
 14833 | D:10     | Entered Level 10 of the Dungeon
 15859 | D:11     | Noticed Harold
 15886 | D:11     | Killed Harold
 16710 | D:12     | Noticed Rupert
 16711 | D:12     | Paralysed by Rupert for 7 turns
 16743 | D:12     | Killed Rupert
 16921 | D:12     | Noticed Frances
 17065 | D:12     | Killed from afar by Frances

Vault maps used:
D:1:      tarquinn_simple_flora_water_e
D:3:      bloody_makhleb, ecumenical_altar_2, uniq_robin,
          uniq_crazy_yiuf_cottage
D:4:      nicolae_dithmenos_the_darkroom, first_bread, trog_wizard
D:5:      kennysheep_mini, lemuel_zombie_altar_kikubaaqudgha, enter_ossuary_3
D:6:      lemuel_coloured_pillars_altar, nrook_uturn, st_stairs_5
D:7:      grunt_temple_overflow_open, serial_shops, nicolae_shop_stone
D:8:      hangedman_ranch, uniq_grum, uniq_erica, uniq_pikel, uniq_joseph
D:9:      erik_lair_orcish_takeover, enter_bailey_3
D:10:     serial_aquarium, aquarium_bridge_island_small, aquarium_window_fake,
          aquarium_window_3, aquarium_view_2c, aquarium_pool_1
D:11:     minivault_19, uniq_harold
D:12:     minmay_orc_entry_temple_small, serial_curves, eino_curves_04,
          eino_curves_02, eino_curves_01, uniq_frances, uniq_rupert
Lair:1:   nicolae_quartered_pool_medium, infiniplex_staircase_pool_2,
          grunt_megastairs_3, lemuel_fruit_tree, serial_bayou_shore_b
Lair:2:   pond
Lair:3:   basic_altar, lab_entry_generic, hangedman_lair_unloving_vines,
          serial_bayou_pond_c, uniq_urug
Lair:4:   uniq_nergalle
Lab:      nicolae_lab_grate_2, nicolae_lab_very_dead_end
Ossuary:  ossuary_due_small_catacomb
Bailey:   bailey_polearm_4, bailey

Skill      XL: |  1  2  3  4  5  6  7  8  9 10 11 12 13 |
---------------+----------------------------------------+-----
Dodging        | 2 3 4 5 6 7 8 9 |  9.6
Maces & Flails | 4 5 6 7 8 9 10 11 | 11.0
Fighting       | 4 5 6 7 8 10 11 | 11.6
Armour         | 3 5 7 8 9 11 | 11.5
Evocations     | 2 3 4 5 6 |  6.7
Throwing       | 2 3 |  3.1
Bows           | 2 |  2.8
Staves         | |  0.6

Action                   |  1- 3 |  4- 6 |  7- 9 | 10-12 | 13-15 || total
-------------------------+-------+-------+-------+-------+-------++-------
Melee: Mace              |    69 |   300 |   462 |   893 |   284 ||  2008
       Quarterstaff      |       |       |    92 |    14 |   101 ||   207
       Flail             |       |       |       |       |    47 ||    47
 Fire: Shortbow          |       |       |       |   108 |       ||   108
Throw: Javelin           |     1 |     7 |     5 |     7 |     5 ||    25
       Tomahawk          |       |       |     2 |    47 |       ||    49
Invok: Trog's Hand       |       |     4 |     5 |    10 |     5 ||    24
       Berserk           |       |     4 |     1 |     5 |     3 ||    13
       Brothers in Arms  |       |       |     1 |     2 |       ||     3
       Burn Spellbooks   |       |       |       |     1 |     1 ||     2
Evoke: Wand              |       |       |     1 |     9 |    14 ||    24
       Deck              |       |       |       |     2 |     6 ||     8
  Use: Scroll            |     4 |     5 |    10 |    17 |     9 ||    45
       Potion            |     1 |     8 |     2 |     7 |     2 ||    20
 Stab: Distracted        |       |       |       |     1 |       ||     1
  Eat: Chunk             |     1 |     6 |     1 |     7 |     2 ||    17
       Meat ration       |       |     1 |       |       |       ||     1
       Bread ration      |       |       |     3 |     5 |     1 ||     9
       Fruit             |       |       |     2 |       |    18 ||    20
       Pizza             |       |       |       |     3 |     4 ||     7
       Royal jelly       |       |       |       |     1 |       ||     1
       Beef jerky        |       |       |       |       |     3 ||     3
